 Dungeon Sprint DCSS version 0.20-a0-842-g939b552 (webtiles) character file.

114 Musica the Arsonist (level 4, -4/24 HPs)
             Began as a Deep Elf Fire Elementalist on Mar 9, 2017.
             Killed from afar by a deep elf mage (28 damage)
             ... with a bolt of fire
             ... in the Dungeon (Sprint III: "The Ten Rune Challenge").
             The game lasted 00:03:24 (557 turns).

Musica the Arsonist (Deep Elf Fire Elementalist)     Turns: 557, Time: 00:03:24

Health: -4/24      AC:  2    Str:  5    XL:     4   Next: 67%
Magic:  14/14      EV: 13    Int: 21    God:
Gold:   33         SH:  4    Dex: 15    Spells: 8/16 levels left

rFire    . . .     SeeInvis .   k - +0 dagger
rCold    . . .     Gourm    .   a - +0 robe
rNeg     . . .     Faith    .   (no shield)
rPois    .         Spirit   .   (no helmet)
rElec    .         Reflect  .   (no cloak)
rCorr    .         Harm     .   (no gloves)
MR       .....     NoTele   +   (no boots)
Stlth    ++........             (no amulet)
Regen    0.1/turn               (no ring)
MPRegen  0.2/turn               (no ring)

@: no status effects
A: large bone plates 1, mutation resistance 1
a: no special abilities


You were in the Dungeon.
You were not hungry.

You visited 1 branch You collected 33 gold pieces.

Inventory:

Hand Weapons
 k - a +0 dagger (weapon)
Armour
 a - a +0 robe (worn)
Scrolls
 i - a scroll of blinking
 j - a scroll of amnesia {unknown}
 m - a scroll of torment {unknown}
 n - 4 scrolls of identify
 o - 2 scrolls of remove curse {unknown}
 r - a scroll of immolation {unknown}
Potions
 d - a potion of curing
 e - a potion of heal wounds
 f - a potion of haste
 g - 2 potions of magic
 h - a potion of berserk rage
 q - 2 potions of flight
 t - a potion of lignification {unknown}
Books
 b - a book of Flames

   Spells                             Type                      Level
   a - Flame Tongue                   Conjuration/Fire             1
   b - Throw Flame                    Conjuration/Fire             2
   c - Conjure Flame                  Conjuration/Fire             3
   d - Inner Flame                    Hexes/Fire                   3
   e - Sticky Flame                   Conjuration/Fire             4
   f - Fireball                       Conjuration/Fire             5
Comestibles
 c - a bread ration
 p - 3 fruits
 s - a royal jelly


   Skills:
 - Level 2.4 Dodging
 - Level 2.4 Stealth
 + Level 6.6 Spellcasting
 * Level 4.9 Conjurations
 + Level 8.2 Fire Magic


You had 8 spell levels left.
You knew the following spells:

 Your Spells              Type           Power        Failure   Level  Hunger
a - Flame Tongue          Conj/Fire      ####.        1%          1    None
b - Conjure Flame         Conj/Fire      ####....     1%          3    #......
c - Sticky Flame          Conj/Fire      ####....     8%          4    ###....


Dungeon Overview and Level Annotations

Branches:
Dungeon (1/1)

Altars:
Elyvilon
Zin
The Shining One


Innate Abilities, Weirdness & Mutations

You are partially covered in large bone plates. (SH +4)
You are somewhat resistant to further mutation.


Message History

Unknown command.
Memorise Sticky Flame, consuming 4 spell levels and leaving 8?
You start memorising the spell.
You continue memorising. x4
You finish memorising.
Spell assigned to 'c'.
Okay, then.
You start resting.
Magic restored.
You start waiting.
Done waiting.
There is an open door to the Ecumenical Temple here.
There is a fountain of clear blue water here.
You open the door.
Found three altars.
A deep elf mage comes into view.
It is wielding a long sword of holy wrath.
The deep elf mage picks up a potion of heal wounds.
There is an open door here.
The deep elf mage casts a spell at you. The bolt of fire hits you!
Ouch! That really hurt!
You die...

▓▓▓▓▓ ▓▓▓ #...####
##.#####
#......#####..#___#
#.......#..#..#e@.#
##.##.÷.#..#..###'#+###+#
##.###..##'#..#..........
###.##..###...'.⌠........
#..##..####...#...######+
...##[.###....#.⌠.#
..##...##.....#...#
.##....#......#+###
###..##.#.....#


You could see a deep elf mage.

Vanquished Creatures
  A water elemental (D)
  Jessica (D)
  A human (D)
  2 oozes (D)
  A phantom (D)
  A rat (D)
7 creatures vanquished.

Vanquished Creatures (others)
  2 draconian scorchers (D)
  6 hellions (D)
8 creatures vanquished.

Grand Total: 15 creatures vanquished

Notes
Turn   | Place    | Note
-------+----------+-------------------------------------------
     0 | D        | Musica the Deep Elf Fire Elementalist began the quest for the Orb.
     0 | D        | Reached XP level 1. HP: 10/10 MP: 6/6
    10 | D        | Reached skill level 4 in Fire Magic
    41 | D        | Reached XP level 2. HP: 15/15 MP: 3/8
    76 | D        | Killed a hellion
    78 | D        | Killed a hellion
    80 | D        | Killed a hellion
   112 | D        | Noticed Jessica
   116 | D        | Killed Jessica
   116 | D        | Reached skill level 6 in Fire Magic
   116 | D        | Reached XP level 3. HP: 19/19 MP: 7/11
   129 | D        | Learned a level 3 spell: Conjure Flame
   138 | D        | Killed a hellion
   138 | D        | Killed a hellion
   139 | D        | Killed a hellion
   146 | D        | Reached skill level 5 in Spellcasting
   230 | D        | Killed a white draconian scorcher
   262 | D        | Killed a white draconian scorcher
   376 | D        | Gained mutation: You expend magic power (3 MP) to strengthen your wands. [potion of mutation]
   376 | D        | Gained mutation: You are partially covered in rugged brown scales. (AC +1, +3% HP) [potion of mutation]
   377 | D        | Lost mutation: You expend magic power (3 MP) to strengthen your wands. [potion of mutation]
   377 | D        | Lost mutation: You are partially covered in rugged brown scales. (AC +1, +3% HP) [potion of mutation]
   377 | D        | Gained mutation: You evolve. [potion of mutation]
   377 | D        | Gained mutation: Your system is resistant to poisons. (rPois) [potion of mutation]
   378 | D        | Lost mutation: You evolve. [potion of mutation]
   378 | D        | Lost mutation: Your system is resistant to poisons. (rPois) [potion of mutation]
   378 | D        | Gained mutation: You have sharp toenails. [potion of mutation]
   378 | D        | Gained mutation: Your muscles are strong. (Str +2) [potion of mutation]
   379 | D        | Lost mutation: You have sharp toenails. [potion of mutation]
   379 | D        | Lost mutation: Your muscles are strong. (Str +2) [potion of mutation]
   379 | D        | Gained mutation: Your muscles are strong. (Str +2) [potion of mutation]
   379 | D        | Gained mutation: You have a pair of small horns on your head. [potion of mutation]
   380 | D        | Lost mutation: Your muscles are strong. (Str +2) [potion of mutation]
   380 | D        | Lost mutation: You have a pair of small horns on your head. [potion of mutation]
   380 | D        | Gained mutation: You are somewhat resistant to further mutation. [potion of mutation]
   380 | D        | Gained mutation: You are partially covered in large bone plates. (SH +4) [potion of mutation]
   391 | D        | Noticed a water elemental
   394 | D        | Killed a water elemental
   394 | D        | Reached skill level 8 in Fire Magic
   394 | D        | Reached XP level 4. HP: 24/24 MP: 6/14
   400 | D        | Learned a level 4 spell: Sticky Flame
   555 | D        | Found a glowing silver altar of Zin.
   555 | D        | Found a glowing golden altar of the Shining One.
   555 | D        | Found a white marble altar of Elyvilon.
   556 | D        | Noticed a deep elf mage
   557 | D        | Killed from afar by a deep elf mage

Vault maps used:
D:        dungeon_sprint_mu

Skill      XL: |  1  2  3 |
---------------+----------+-----
Conjurations   | 2 3 4 |  4.9
Fire Magic     | 4 6 8 |  8.2
Spellcasting   | 4 6 |  6.6
Dodging        | |  2.4
Stealth        | |  2.4

Action                   |  1- 3 |  4- 6 || total
-------------------------+-------+-------++-------
 Cast: Flame Tongue      |    18 |     1 ||    19
       Conjure Flame     |     3 |       ||     3
  Use: Potion            |     5 |       ||     5
Dodge: Dodged            |     2 |       ||     2
Block: Other             |     1 |       ||     1
